 Dungeon Crawl Stone Soup version 0.18.1-48-g4cf74bf (webtiles) character file.

235 tyranidshit the Chopper (level 5, -1/51 HPs)
             Began as a Deep Dwarf Fighter on July 23, 2016.
             Slain by an iguana (5 damage)
             ... on level 6 of the Dungeon.
             The game lasted 00:05:13 (821 turns).

tyranidshit the Chopper (Deep Dwarf Fighter)         Turns: 821, Time: 00:05:14

Health: -1/51      AC:  8    Str: 21    XL:     5   Next: 76%
Magic:  5/5        EV:  7    Int:  8    God:
Gold:   86         SH:  9    Dex: 12    Spells: 0 memorised, 4 levels left

rFire  . . .     SeeInvis .     a - +0 war axe
rCold  . . .     Gourm    .     b - +0 scale mail
rNeg   . . .     Faith    +     c - +0 shield
rPois  .         Spirit   .     (no helmet)
rElec  .         Dismiss  .     (no cloak)
rCorr  .         Reflect  .     n - +0 pair of gloves
SustAt .         Harm     .     (no boots)
MR     .....                    v - amulet of faith
Stlth  ..........               (no ring)
                                g - ring of flight

@: lethally poisoned (-1 -> -1), non-regenerating, not resistant to hostile
enchantments, extremely unstealthy
A: damage resistance, recharge devices, sense surroundings 1, slow regeneration
3
a: Device Recharging, Evoke Flight


You were on level 6 of the Dungeon.
You were not hungry.

You visited 1 branch of the dungeon, and saw 6 of its levels.

You collected 86 gold pieces.

Inventory:

Hand Weapons
 a - a +0 war axe (weapon)
Armour
 b - a +0 scale mail (worn)
 c - a +0 shield (worn)
 n - a +0 pair of gloves (worn)
 s - a +0 robe
Jewellery
 g - a ring of flight (left hand)
 v - an amulet of faith (around neck)
 x - an uncursed ring of poison resistance {unknown}
Wands
 e - a wand of heal wounds (4/9)
 w - a wand of confusion (27/48)
Scrolls
 h - a scroll of recharging
 j - a scroll of magic mapping {unknown}
 m - a scroll of blinking
 p - 4 scrolls of identify {unknown}
 q - a scroll of teleportation {unknown}
 r - a scroll of immolation {unknown}
 t - 2 scrolls of remove curse {unknown}
Potions
 d - a potion of might
 i - 2 potions of curing {unknown}
 l - a potion of heal wounds {unknown}
 o - 2 potions of lignification {unknown}
Comestibles
 f - a bread ration
 k - 2 meat rations
 u - a royal jelly


   Skills:
 + Level 4.4 Fighting
 + Level 5.1 Axes
 - Level 3.2 Armour
 - Level 3.2 Shields


You had 4 spell levels left.
You didn't know any spells.

Dungeon Overview and Level Annotations

Branches:
Dungeon (6/15)
 Temple: D:4-7

Altars:
Fedhas


Innate Abilities, Weirdness & Mutations

You are resistant to damage.
You can recharge devices by infusing magical energy.
You passively map a small area around you.
You do not regenerate naturally.


Message History

You hit the giant frog.
The giant frog is lightly wounded.
The giant frog hits you but does no damage.
You block the adder's attack. The iguana closely misses you.
The giant frog hits you but does no damage.
You hit the iguana.
The iguana is heavily wounded.
You hit the giant frog.
The giant frog is moderately wounded.
You hit the adder.
The adder is heavily wounded.
The adder barely misses you. You block the giant frog's attack.
The iguana bites you.
* * * LOW HITPOINT WARNING * * *
The giant frog skeleton hits you but does no damage.
The adder bites you.
* * * LOW HITPOINT WARNING * * *
You are poisoned.
The adder poisons you! You block the giant frog's attack. The iguana bites you!
You die...

####### #....<#
#.....# #.....#
#.....#
#.....#######
#...........##
#....>@S....%. *
#....FlZ...... *
#.............
###........... ,
..[.......... ,
, #.............
,.....#.........
, *,,
...#.##......).
, ,


You could see a giant frog, an iguana, an adder and a giant frog skeleton.

Vanquished Creatures
  A sky beast (D:5)
  A giant frog skeleton (D:5)
  A giant frog zombie (D:5)
  An iguana (D:5)
  3 adders
  2 worms
  A giant gecko (D:3)
  A giant cockroach (D:5)
  A goblin (D:2)
  3 hobgoblins
  3 jackals (D:2)
  A kobold (D:1)
  A quokka (D:5)
  A bat (D:2)
  5 giant newts (D:2)
  A quokka skeleton (D:5)
  6 rats
33 creatures vanquished.

Notes
Turn   | Place    | Note
--------------------------------------------------------------
     0 | D:1      | tyranidshit the Deep Dwarf Fighter began the quest for the Orb.
     0 | D:1      | Reached XP level 1. HP: 20/20 MP: 1/1
   139 | D:2      | Reached XP level 2. HP: 22/28 MP: 2/2
   203 | D:2      | Reached skill level 3 in Axes
   354 | D:2      | Reached XP level 3. HP: 22/34 MP: 3/3
   549 | D:4      | Noticed a phantom
   570 | D:5      | Entered Level 5 of the Dungeon
   574 | D:5      | Reached skill level 4 in Axes
   574 | D:5      | Reached XP level 4. HP: 21/43 MP: 4/4
   592 | D:5      | Found a blossoming altar of Fedhas.
   718 | D:5      | Noticed a sky beast
   733 | D:5      | Reached XP level 5. HP: 10/50 MP: 5/5
   759 | D:5      | Killed a sky beast
   759 | D:5      | Reached skill level 5 in Axes
   816 | D:6      | Noticed a centaur
   821 | D:6      | Slain by an iguana

Skill      XL: |  1  2  3  4  5 |
---------------+----------------+-----
Fighting       | 3 4 |  4.4
Axes           | 3 4 5 |  5.1
Armour         | |  3.2
Shields        | |  3.2

Action                   |  1- 3 |  4- 6 || total
-------------------------+-------+-------++-------
Melee: War axe           |    82 |    55 ||   137
Evoke: Wand              |     1 |     2 ||     3
  Use: Scroll            |     2 |       ||     2
Armor: Scale mail        |    41 |    42 ||    83
Dodge: Dodged            |    24 |    15 ||    39
Block: Shield            |    27 |    32 ||    59
